 Dungeon Crawl Stone Soup version 0.20-a0-1089-g3fde505 (webtiles) character file.

240 Alarkh the Chopper (level 5, 35/41 HPs)
             Began as a Demonspawn Monk on May 2, 2017.
             Got out of the dungeon alive.
             The game lasted 00:02:56 (3466 turns).

Alarkh the Chopper (Demonspawn Monk)                Turns: 3466, Time: 00:02:57

Health: 35/41      AC:  5    Str: 11    XL:     5   Next: 79%
Magic:  5/5        EV: 13    Int: 13    God:
Gold:   103        SH:  0    Dex: 15    Spells: 4/4 levels left

rFire    . . .     SeeInvis .   a - +0 hand axe
rCold    . . .     Gourm    .   (no shield)
rNeg     . . .     Faith    .   b - +0 robe
rPois    .         Spirit   .   r - -1 helmet (curse)
rElec    .         Reflect  .   (no cloak)
rCorr    .         Harm     .   e - +0 pair of gloves
MR       .....                  (no boots)
Stlth    ++........             (no amulet)
Regen    0.2/turn               (no ring)
MPRegen  0.1/turn               (no ring)

@: no status effects
A: talons 1, icy blue scales 1, rot immunity
a: no special abilities


You escaped.
You were not hungry.

You visited 1 branch of the dungeon, and saw 3 of its levels.

You collected 103 gold pieces.

Inventory:

Hand Weapons
 a - a +0 hand axe (weapon)
Armour
 b - a +0 robe (worn)
 e - a +0 pair of gloves (worn)
 r - a cursed -1 helmet (worn)
Scrolls
 d - a scroll of remove curse {unknown}
 h - a scroll of magic mapping {unknown}
 i - a scroll of identify {unknown}
 k - a scroll of amnesia
 l - a scroll of fear
 m - a scroll of teleportation
 p - a scroll of fog {unknown}
Potions
 f - a potion of lignification
 g - a potion of flight
 n - a potion of ambrosia {unknown}
 o - 2 potions of curing
 q - a potion of brilliance {unknown}
Comestibles
 c - 2 bread rations
 s - 2 fruits
 t - a chunk of flesh


   Skills:
 - Level 3.0 Fighting
 + Level 6.0 Axes
 - Level 2.6 Dodging
 - Level 1.7 Stealth


You had 4 spell levels left.
You didn't know any spells.

Dungeon Overview and Level Annotations

Branches:
Dungeon (3/15)

Altars:


Innate Abilities, Weirdness & Mutations

You have sharp toenails.
You are partially covered in icy blue scales. (AC +2)
You are immune to rotting.


Message History

You hit the rat.
You kill the rat!
No target in view!
No target in view!
No target in view!
No target in view!
No target in view!
No target in view!
No target in view!
No target in view!
No target in view!
No target in view!
No target in view!
No target in view!
No target in view!
(D) Dungeon
Where to? (Enter - D:1 @ (x,y), ? - help)
There is a staircase leading out of the dungeon here.
Are you sure you want to leave the Dungeon?
This will make you lose the game!
You have escaped!

##### #...#
#...###############
#...#.............#
#...#.............#
#####...#......@.[....#
#.......#............)#
#.###...#.......)..(..#
#.#.....######.8.######
##...#.......##...#
....###.#..#.##.8.#
.##.###....#.##...#
..............#.>.#
....#.........#...#


There were no monsters in sight!

Vanquished Creatures
  The ghost of Alarkh the Chopper, an amateur DsMo (D:3)
  A hound (D:3)
  4 adders (D:2)
  An ooze (D:2)
  2 worms (D:2)
  A dart slug (D:2)
  A leopard gecko (D:1)
  A ball python (D:1)
  A giant cockroach (D:1)
  5 hobgoblins
  2 jackals (D:2)
  3 bats
  5 frilled lizards (D:2)
  A goblin (D:2)
  4 kobolds
  3 rats
36 creatures vanquished.

Notes
Turn   | Place    | Note
-------+----------+-------------------------------------------
     0 | D:1      | Alarkh the Demonspawn Monk began the quest for the Orb.
     0 | D:1      | Reached XP level 1. HP: 18/18 MP: 1/1
   120 | D:1      | Reached skill level 3 in Axes
   433 | D:1      | Gained mutation: You have sharp toenails. [demonic ancestry]
   433 | D:1      | Reached XP level 2. HP: 24/24 MP: 2/2
   976 | D:2      | Reached XP level 3. HP: 19/29 MP: 3/3
  1322 | D:2      | Reached skill level 4 in Axes
  1813 | D:3      | Noticed Alarkh's ghost (amateur DsMo)
  2372 | D:2      | HP: 1/29 [worm (11)]
  2651 | D:2      | Gained mutation: You are partially covered in icy blue scales. (AC +2) [demonic ancestry]
  2651 | D:2      | Reached XP level 4. HP: 13/35 MP: 4/4
  3353 | D:3      | Killed Alarkh's ghost
  3353 | D:3      | Reached skill level 5 in Axes
  3353 | D:3      | Gained mutation: You are immune to rotting. [demonic ancestry]
  3353 | D:3      | Reached XP level 5. HP: 41/41 MP: 5/5
  3356 | D:3      | Reached skill level 6 in Axes
  3466 | D:$      | Got out of the dungeon alive.

Vault maps used:
D:1:      lemuel_arrival_hallway
D:3:      nicolae_overflow_hidden_temple, grunt_gozag_breadcrumbs, serial_glass,
          glass_columns_b, glass_columns_c, minivault_5, uniq_terence

Skill      XL: |  1  2  3  4  5 |
---------------+----------------+-----
Axes           | 3 4 5 6 |  6.0
Fighting       | |  3.0
Dodging        | |  2.6
Stealth        | |  1.7

Action                   |  1- 3 |  4- 6 || total
-------------------------+-------+-------++-------
Melee: Hand axe          |   134 |    64 ||   198
       Kick              |    31 |     9 ||    40
  Use: Scroll            |     3 |       ||     3
       Potion            |     1 |     3 ||     4
 Stab: Sleeping          |     1 |       ||     1
  Eat: Chunk             |     3 |     3 ||     6
       Fruit             |     1 |     1 ||     2
Armor: Robe              |    23 |     6 ||    29
       Skin              |       |    24 ||    24
Dodge: Dodged            |    94 |    20 ||   114
